Map: Kairos Junction LE

Players

ShoWTimE

  • Race: Protoss Protoss
  • League: Grandmaster
  • Spawn Location: 5:00

Rail - Winner!

  • Race: Protoss Protoss
  • League: Grandmaster
  • Spawn Location: 11:00

Event: 2019 WCS Winter Europe

VOD

Have the link to the VOD?

Description

Time

  • Played on: March 23, 2019, 9:25 a.m.
  • Length: 8:46

All games in this series

Show
View Real Time Build Order
Export as new Build Order

ShoWTimE Protoss 

Build Orders: Phoenix Opening 

Get SALT Encoding   

  12  0:00  Probe  
  13  0:12  Probe  
  14  0:17  Pylon  
  14  0:24  Probe  
  15  0:32  Probe  
  15  0:37  Gateway  
  15  0:40  Probe  
  16  0:46  Assimilator  
  17  0:50  Probe  
  17  0:54  Assimilator  
  18  0:58  Probe  
  19  1:06  Probe  
  19  1:09  Gateway  
  20  1:17  Probe  
  20  1:24  Cybernetics Core  
  21  1:29  Probe  
  22  1:33  Pylon  
  22  1:41  Probe  
  23  1:51  Warp Gate  
  23  1:53  Probe  
  24  2:00  Stalker, Sentry  
  28  2:11  Pylon  
  28  2:31  Nexus  
  28  2:34  Sentry  
  30  2:40  Sentry  
  30  2:41  Phoenix  
  30  2:42  Probe  
  33  2:47  Shield Battery  
  33  2:54  Probe  
  34  3:00  Stalker  
  36  3:05  Robotics Facility  
  36  3:09  Probe  
  36  3:10  Phoenix  
  37  3:18  Pylon  
  37  3:21  Probe  
  38  3:32  Probe  
  39  3:40  Probe  
  39  3:42  Immortal  
  39  3:48  Probe  
  40  3:50  Probe  
  46  4:00  Sentry, Probe  
  46  4:02  Probe  
  50  4:09  Pylon  
  50  4:11  Warp Prism  
  50  4:12  Probe  
  50  4:14  Probe  
  50  4:16  Phoenix  
  52  4:17  Stalker  
  56  4:26  Stalker  
  56  4:28  Probe  
  56  4:30  Probe  
  60  4:37  Immortal  
  60  4:39  Forge  
  60  4:48  Sentry  
  64  5:01  Stalker  
  64  5:05  Shield Battery  
  66  5:07  Pylon  
  66  5:16  Stalker  
  66  5:21  Immortal  
  70  5:25  Probe  
  65  5:31  Stalker  
  61  5:40  Stalker  
  61  5:42  Probe x2  
  58  5:54  Probe x2  
  58  5:56  Sentry  
  60  6:02  Probe  
  60  6:06  Probe, Gateway  
  60  6:07  Zealot  
  60  6:10  Probe  
  64  6:13  Pylon  
  64  6:18  Assimilator, Probe  
  66  6:21  Assimilator  
  66  6:22  Probe  
  67  6:29  Zealot x2  
  67  6:30  Probe  
  72  6:34  Probe  
  72  6:35  Twilight Council  
  72  6:38  Gateway  
  73  6:45  Observer  
  74  6:47  Gateway  
  74  6:50  Pylon, Gateway  
  74  7:00  Photon Cannon  
  74  7:05  Gateway x2  
  74  7:06  Immortal  
  74  7:11  Pylon  
  74  7:14  Shield Battery  
  78  7:21  Templar Archives  
  78  7:26  Zealot  
  80  7:30  Zealot  
  80  7:31  Zealot  
  80  7:34  Stalker  
  82  7:43  Zealot  
  80  7:50  Zealot  
  76  7:51  Stalker  
  76  7:52  Stalker  
  76  7:56  Stalker  
  61  8:08  Zealot x2  
  49  8:13  Zealot  
  49  8:19  Zealot  
  47  8:23  Zealot  
  41  8:35  Zealot  
Show
View Real Time Build Order
Export as new Build Order

Rail Protoss - Winner!

Build Orders: Phoenix Opening, Colossus Rush 

Get SALT Encoding   

  12  0:00  Probe  
  13  0:13  Probe  
  14  0:18  Pylon  
  14  0:24  Probe  
  15  0:32  Probe  
  15  0:38  Gateway  
  15  0:41  Probe  
  16  0:46  Assimilator  
  17  0:51  Probe  
  18  0:59  Probe  
  19  1:05  Gateway  
  19  1:08  Probe  
  19  1:11  Assimilator  
  20  1:18  Probe  
  21  1:26  Cybernetics Core  
  21  1:30  Probe  
  22  1:35  Pylon  
  22  1:42  Probe  
  23  1:55  Probe  
  24  2:02  Stalker x2  
  24  2:03  Warp Gate  
  28  2:14  Pylon  
  28  2:33  Sentry  
  30  2:41  Nexus  
  30  2:46  Robotics Facility  
  30  2:49  Sentry  
  32  3:05  Probe  
  33  3:10  Stalker  
  35  3:13  Phoenix  
  35  3:16  Pylon  
  35  3:18  Stalker  
  37  3:24  Immortal  
  37  3:32  Probe  
  42  3:44  Probe  
  43  3:54  Sentry  
  43  3:55  Warp Prism  
  45  4:04  Sentry  
  45  4:05  Pylon  
  45  4:07  Probe  
  50  4:10  Probe  
  51  4:17  Probe, Adept  
  51  4:20  Probe  
  55  4:26  Probe  
  55  4:29  Probe  
  55  4:30  Adept  
  58  4:32  Pylon  
  59  4:38  Adept  
  59  4:39  Probe  
  62  4:50  Probe  
  63  5:04  Probe x2  
  63  5:06  Adept x2  
  69  5:09  Robotics Bay  
  69  5:10  Pylon  
  69  5:27  Adept x2  
  69  5:28  Immortal  
  67  5:31  Probe  
  67  5:33  Probe  
  63  5:43  Probe  
  63  5:45  Probe  
  63  5:48  Assimilator x2  
  65  5:51  Colossus  
  65  5:55  Probe  
  65  5:56  Adept  
  65  5:57  Adept  
  66  6:00  Pylon  
  66  6:06  Gateway x2  
  72  6:16  Pylon  
  72  6:20  Pylon  
  72  6:21  Adept x2  
  76  6:31  Pylon  
  76  6:33  Gateway  
  76  6:35  Gateway  
  76  6:40  Pylon  
  76  6:42  Sentry x2  
  80  6:51  Pylon  
  75  7:03  Adept x2  
  75  7:07  Stalker x2  
  83  7:21  Pylon  
  83  7:22  Sentry  
  86  7:25  Adept x3  
  86  7:29  Adept  
  93  7:44  Adept x3  
  93  7:49  Adept  
  99  7:52  Adept  
  97  7:59  Adept  
  97  8:06  Adept x2  
  97  8:11  Adept  
  91  8:15  Adept  
Tags
 
Add a new tag
Caveats
  • Supply blocks, unpowered buildings, or Contaminate may cause inaccurate times.
  • Supply counts are checked every 10 seconds.